 Dungeon Crawl Stone Soup version 0.27-a0-1202-ge72e49191c (webtiles) character file.

Game seed: 15958017031258336423

191 kae the Slasher (level 5, 42/42 HPs)
             Began as a Demonspawn Abyssal Knight on June 2, 2021.
             Was a Follower of Lugonu.
             Quit the game on level 2 of the Dungeon.
             The game lasted 00:01:04 (1797 turns).

kae the Slasher (Demonspawn Abyssal Knight)         Turns: 1797, Time: 00:01:05

Health: 42/42      AC:  3    Str: 13    XL:     5   Next: 42%
Magic:  6/6        EV: 13    Int: 13    God:    Lugonu [*.....]
Gold:   2          SH:  0    Dex: 13    Spells: 4/4 levels left

rFire    . . .     SeeInvis .   a - +2 falchion
rCold    . . .     Faith    .   (no shield)
rNeg     . . .     Spirit   .   b - +0 leather armour
rPois    .         Reflect  .   (no helmet)
rElec    .         Harm     .   (no cloak)
rCorr    .         Rampage  .   (no gloves)
Will     .....                  (no boots)
Stlth    +.........             (no amulet)
HPRegen  0.14/turn              (no ring)
MPRegen  0.10/turn              (no ring)

@: no status effects
A: claws 1, repulsion field 1, demonic magic 1
a: Renounce Religion, Depart the Abyss


You were on level 2 of the Dungeon.
You worshipped Lugonu.
Lugonu was aware of your devotion.
You visited 1 branch of the dungeon, and saw 2 of its levels.
You visited the Abyss 1 time.

You collected 2 gold pieces.

Inventory:

Hand Weapons
 a - a +2 falchion (weapon)
Armour
 b - a +0 leather armour (worn)
Jewellery
 g - an amulet of magic regeneration
 k - a ring of willpower
Scrolls
 d - 2 scrolls of identify
 e - a scroll of blinking {unknown}
Potions
 c - a potion of heal wounds


   Skills:
 + Level 4.3 Fighting
 * Level 4.3 Long Blades
 - Level 1.7 Armour
 - Level 0.8 Dodging
 - Level 2.4 Invocations


You had 4 spell levels left.
You didn't know any spells.
Your spell library contained the following spells:

 Spells                   Type           Power      Damage    Failure   Level
 Beastly Appendage        Tmut           0%         N/A       36%         1
 Wereblood                Tmut           0%         N/A       52%         2
 Spider Form              Tmut/Pois      0%         N/A       75%         3
 Ice Form                 Ice/Tmut       0%         N/A       98%         4
 Hydra Form               Tmut           0%         N/A       100%        5


Dungeon Overview and Level Annotations

Branches:
Dungeon (2/15)

Altars:


Innate Abilities, Weirdness & Mutations

You have sharp fingernails.
You are surrounded by a mild repulsion field. (EV +2)
Spells you cast may paralyse adjacent enemies.


Message History

You hit Sigmund but do no damage.
Sigmund is moderately wounded.
Sigmund says, "Look into my eyes."
Sigmund hits you with a +0 scythe.
You hit Sigmund.
Sigmund is moderately wounded.
Sigmund hits you with a +0 scythe. Sigmund barely misses you.
You closely miss Sigmund.
Sigmund is moderately wounded.
Sigmund barely misses you.
You riposte.
You slash Sigmund!
Sigmund is severely wounded.
You hit Sigmund.
Sigmund is severely wounded.
Sigmund barely misses you.
You hit Sigmund.
Sigmund is severely wounded.
Sigmund closely misses you.
You riposte.
You closely miss Sigmund.
Sigmund is severely wounded.
You hit Sigmund.
Sigmund is almost dead.
Sigmund barely misses you.
You riposte.
You hit Sigmund.
Sigmund is almost dead.
You hit Sigmund.
You kill Sigmund!
Lugonu accepts your kill.
Your Fighting skill increases to level 4!
Your Long Blades skill gained 2 levels and is now at level 4!
You have reached level 4!
You feel agile.
You have reached level 5!
Your demonic ancestry asserts itself...
A menacing aura infuses your magic.
e - a scroll labelled EDAC KECZUUNIBO
Things that are here:
a +0 scythe; a +0 robe; the human corpse of Sigmund
There is an open door here.
You open the door.
There is an open door here.
Found a stone staircase leading down.
Are you sure you want to abandon this character and quit the game? (Confirm with "yes".)

#############
#...........#
#.#########.#
######.....# #.#
........##.#####@#
..................>#
###.....#........#.#
#######.########.#.#
........# ... #
#####...# #.#
........# #.#
####....# #.#
........#


There were no monsters in sight!

Vanquished Creatures
  Sigmund (D:2)
  An adder (D:2)
  A worm (D:2)
  5 bats
  2 endoplasms
  A giant cockroach (D:1)
  A hobgoblin (D:1)
  3 kobolds (D:1)
  2 quokkas (D:1)
  A ball python (D:1)
  3 frilled lizards
  2 rats (D:1)
23 creatures vanquished.

Notes
Turn   | Place    | Note
-------+----------+-------------------------------------------
     0 | Abyss:1  | kae the Demonspawn Abyssal Knight began the quest for the
                  | Orb.
     0 | Abyss:1  | Reached XP level 1. HP: 18/18 MP: 2/2
    93 | Abyss:1  | Noticed a large abomination
    94 | D:1      | Escaped the Abyss
   235 | D:1      | Reached * piety under Lugonu
   282 | D:1      | Gained mutation: You are surrounded by a mild repulsion
                  | field. (EV +2) [demonic ancestry]
   282 | D:1      | Reached XP level 2. HP: 24/24 MP: 3/3
   696 | D:1      | Found a faded altar of an unknown god.
  1200 | D:2      | Gained mutation: You have sharp fingernails. [demonic
                  | ancestry]
  1200 | D:2      | Reached XP level 3. HP: 8/29 MP: 4/4
  1202 | D:2      | Noticed Sigmund
  1206 | D:1      | HP: 1/29 [poisoned by an adder]
  1632 | D:2      | Killed Sigmund
  1633 | D:2      | Reached XP level 4. HP: 22/37 MP: 5/5
  1633 | D:2      | Gained mutation: Spells you cast may paralyse adjacent
                  | enemies. [demonic ancestry]
  1633 | D:2      | Reached XP level 5. HP: 25/42 MP: 6/6
  1797 | D:2      | Quit the game

Illustrated notes

Levels and vault maps discovered:
D:1:      dpeg_arrival_line_fractal, layout_loops_ring, basic_ecumenical_altar
D:2:      layout_basic, basic_altar, uniq_sigmund, uniq_natasha

Skill      XL: |  1  2  3 |
---------------+----------+-----
Long Blades    | 2 4 |  4.3
Fighting       | 4 |  4.3
Armour         | |  1.7
Dodging        | |  0.8
Invocations    | |  2.4

Action                   |  1- 3 |  4- 6 || total
-------------------------+-------+-------++-------
Melee: Falchion          |    73 |       ||    73
Invok: Depart the Abyss  |     1 |       ||     1
  Use: Scroll            |     5 |       ||     5
       Potion            |     1 |       ||     1
Armor: Leather armour    |    22 |       ||    22
Dodge: Dodged            |    63 |       ||    63
       Rpst.: Falchion   |    18 |       ||    18

Table legend: (Time is in decaauts)
 A = Elapsed time spent in this place.
 B = Non-inter-level travel time spent in this place.
 C = Inter-level travel time spent in this place.
 D = Time resting spent in this place.
 E = Time spent auto-exploring this place.
 F = Levels seen in this place.
 G = Mean time per level.
                   A        B        C        D        E       F      G
               +--------+--------+--------+--------+--------+-----+--------+
         Total |   1811 |   1760 |     51 |    476 |   1094 |   3 |  603.7 |
       Dungeon |   1717 |   1666 |     51 |    476 |   1003 |   2 |  858.5 |
         Abyss |     94 |     94 |      0 |      0 |     91 |   1 |   94.0 |
               +--------+--------+--------+--------+--------+-----+--------+

Top non-repeatable levels by time:
     D:1: 1304 daAuts
     D:2: 413 daAuts
 Abyss:1: 94 daAuts
